 Dungeon Crawl Stone Soup version 0.29.0-5-ge4962eb29e (webtiles) character file.

Game seed: 11863435196105114740

11 Buttons840 the Chopper (level 2, -1/27 HPs)
             Began as a Hill Orc Monk on Aug 29, 2022.
             Slain by a hobgoblin
             ... wielding a +0 hand axe
              (9 damage)
             ... on level 1 of the Dungeon.
             The game lasted 00:03:24 (498 turns).

Buttons840 the Chopper (Hill Orc Monk)               Turns: 498, Time: 00:03:24

Health: -1/27      AC:  2    Str: 13    XL:     2   Next: 25%
Magic:  2/2        EV: 12    Int: 10    God:
Gold:   0          SH:  0    Dex: 13    Spells: 1/1 levels left

rFire   . . .      SeeInvis .   a - +0 hand axe
rCold   . . .      Faith    .   (no shield)
rNeg    . . .      Spirit   .   b - +0 robe
rPois   .          Reflect  .   (no helmet)
rElec   .          Harm     .   (no cloak)
rCorr   .          Rampage  .   (no gloves)
Will    .....                   (no boots)
Stlth   +.........              (no amulet)
HPRegen 0.09/turn               (no ring)
MPRegen 0.08/turn               (no ring)

@: confused, ambrosia-drunk
A: no striking features
a: no special abilities


You were on level 1 of the Dungeon.
You visited 1 branch of the dungeon, and saw 1 of its levels.

Inventory:

Hand Weapons
 a - a +0 hand axe (weapon)
Armour
 b - a +0 robe (worn)
Potions
 d - a potion of heal wounds {unknown}


   Skills:
 * Level 3.8 Fighting
 * Level 4.3 Axes
 * Level 0.7 Armour
 + Level 2.5 Dodging
 + Level 1.6 Stealth


You had one spell level left.
You didn't know any spells.
Your spell library was empty.

Dungeon Overview and Level Annotations

Branches:
Dungeon (1/15)

Altars:


Message History

Welcome, Buttons840 the Hill Orc Monk.
Will you be the one to retrieve the splendid Orb of Zot from the depths?
Press ? for a list of commands and other information.
Unknown command.
You open the door.
The human shouts!
There is an open door here.
The tengu shouts!
The formicid shouts!
The spriggan shouts!
The vine stalker shouts!
The palentonga shouts!
The orc shouts!
The draconian roars!
The naga shouts!
The kobold shouts!
The elf shouts!
The merfolk shouts!
The meteoran shouts!
The felid hisses angrily.
d - a purple potion The vine stalker shouts!
The elf shouts!
As you open the door, it creaks loudly!
You hear an angry hiss.
A frilled lizard comes into view.
There is an open door here.
A frilled lizard is nearby!
The frilled lizard bites you.
You barely miss the frilled lizard. The frilled lizard barely misses you.
You miss the frilled lizard. The frilled lizard closely misses you.
You barely miss the frilled lizard. The frilled lizard bites you.
You barely miss the frilled lizard.
The frilled lizard completely misses you.
You hit the frilled lizard.
You kill the frilled lizard!
You see here a frilled lizard corpse.
A giant cockroach comes into view.
A giant cockroach is nearby!
A giant cockroach is nearby!
An endoplasm and 2 jackals come into view.
The jackal barks!
The endoplasm quivers.
A jackal comes into view.
The jackal moves out of view.
A jackal comes into view.
A frilled lizard and an endoplasm come into view.
The frilled lizard hisses angrily.
The jackal barks! x2
A ball python comes into view.
The ball python hisses angrily.
You see here a frilled lizard corpse.
There is an open door here.
You hit the jackal.
The jackal is lightly wounded.
The jackal bites you.
You completely miss the jackal. The jackal closely misses you.
You hit the jackal.
The jackal is almost dead.
The jackal bites you.
You hit the jackal but do no damage.
The jackal is almost dead.
The jackal barely misses you.
The jackal bites you but does no damage.
You hit the jackal but do no damage.
The jackal is almost dead.
The jackal bites you.
You closely miss the jackal.
The jackal is almost dead.
The jackal misses you.
The jackal bites you but does no damage.
You hit the jackal.
You kill the jackal!
You hit the jackal but do no damage.
The jackal is lightly wounded.
The jackal barely misses you. The jackal bites you.
You hit the jackal but do no damage.
The jackal is lightly wounded.
The jackal bites you.
You closely miss the jackal.
The jackal is lightly wounded.
The jackal bites you but does no damage.
The jackal bites you.
You are too injured to fight recklessly!
You are too injured to fight recklessly!
You are too injured to fight recklessly!
You are too injured to fight recklessly!
You hit the jackal.
You kill the jackal!
You closely miss the jackal.
The jackal bites you but does no damage.
The jackal misses you.
You hit the jackal.
The jackal is moderately wounded.
The jackal closely misses you. The jackal barely misses you.
You hit the jackal.
The jackal is almost dead.
The jackal closely misses you.
You hit the jackal but do no damage.
The jackal is almost dead.
The jackal completely misses you. The jackal bites you.
You closely miss the jackal.
The jackal is almost dead.
The jackal closely misses you.
You closely miss the jackal.
The jackal is almost dead.
The jackal bites you. The jackal closely misses you.
You hit the jackal.
You kill the jackal!
You hit the ball python.
The ball python is severely wounded.
The ball python barely misses you. The ball python closely misses you.
You barely miss the ball python.
The ball python is moderately wounded.
The ball python closely misses you. The ball python misses you.
The ball python closely misses you. The ball python grabs you.
The ball python constricts you.
* * * LOW HITPOINT WARNING * * *
You hit the ball python.
You kill the ball python!
You hit the frilled lizard.
You kill the frilled lizard!
Okay, then.
Unknown command.
Press: ? - help, v - describe, . - travel An open door.
Unknown command.
Unknown command.
You hit the giant cockroach but do no damage.
The giant cockroach closely misses you.
You hit the giant cockroach.
The giant cockroach is lightly wounded.
The giant cockroach bites you but does no damage.
You hit the giant cockroach.
You kill the giant cockroach!
You have reached level 2!
The demigod shouts!
The ogre shouts!
The draconian roars!
The minotaur bellows!
The palentonga shouts!
The formicid shouts!
The tengu shouts!
There is an open door here.
You start resting.
HP restored.
There is an open door here.
The formicid shouts!
The vine stalker shouts!
The octopode shouts!
The palentonga shouts!
The orc shouts!
The draconian roars!
The elf shouts!
The troll shouts!
The felid hisses angrily.
The elf shouts!
You see here a jackal skeleton.
There is an open door here.
You see here a frilled lizard skeleton.
A goblin comes into view. It is wielding a +0 dagger.
A goblin is nearby!
A goblin is nearby!
A ball python comes into view.
The goblin hits you with a +0 dagger.
You closely miss the goblin. The goblin hits you but does no damage.
The goblin hits you with a +0 dagger.
You hit the goblin.
You kill the goblin!
No target in view!
You see here a +0 dagger.
You see here 10 gold pieces.
A kobold comes into view. It is wielding a +0 whip.
The ball python hisses angrily.
The ball python barely misses you. The ball python grabs you.
The ball python constricts you. The ball python barely misses you.
The ball python constricts you.
You hit the ball python.
The ball python is heavily wounded.
The ball python bites you but does no damage.
The ball python constricts you.
The kobold throws a stone.
The stone hits you but does no damage.
You barely miss the ball python.
The ball python is heavily wounded.
The ball python barely misses you. The ball python constricts you.
You hit the ball python.
You kill the ball python!
The kobold barely misses you.
You closely miss the kobold. The kobold hits you with a +0 whip.
You hit the kobold but do no damage. The kobold hits you with a +0 whip.
You barely miss the kobold. The kobold hits you with a +0 whip.
You closely miss the kobold. The kobold barely misses you.
You hit the kobold.
The kobold is severely wounded.
The kobold completely misses you.
You hit the kobold.
You kill the kobold!
A jackal is nearby!
A jackal is nearby!
You see here a frilled lizard skeleton.
Unknown command.
Unknown command.
You start resting.
HP restored.
A hobgoblin comes into view. It is wielding a +0 hand axe.
The hobgoblin moves out of view.
The hobgoblin shouts!
There are monsters nearby!
The hobgoblin throws a stone.
The stone hits you but does no damage.
You start waiting.
A hobgoblin is nearby!
The hobgoblin closely misses you.
You barely miss the hobgoblin.
The hobgoblin hits you with a +0 hand axe.
You hit the hobgoblin but do no damage.
The hobgoblin hits you with a +0 hand axe.
You closely miss the hobgoblin.
The hobgoblin hits you with a +0 hand axe.
You hit the hobgoblin.
The hobgoblin is moderately wounded.
The hobgoblin misses you.
You hit the hobgoblin.
The hobgoblin is heavily wounded.
The hobgoblin misses you.
You barely miss the hobgoblin.
The hobgoblin is heavily wounded.
The hobgoblin hits you with a +0 hand axe!
* * * LOW HITPOINT WARNING * * *
You are confused.
You feel invigorated.
The hobgoblin hits you with a +0 hand axe!
You die...

#...####.........# ##
###...............#...
..................#...
#........g$..J.....
#####..#..)............
#..............#..)#...
#.###..###.....#.#.....
##g######...#.......
#..@.# ##....##....
#.##.# #..#$# ..##
####'### #........#
#e#.#f# ##...#....
###.### #...###.#.
#p#.#h# #.... # ###.###
#.... #T#.#m# ..#..
###.###


You could see a hobgoblin.

Vanquished Creatures
  A giant cockroach (D:1)
  A goblin (D:1)
  3 jackals (D:1)
  2 ball pythons (D:1)
  2 frilled lizards (D:1)
  A kobold (D:1)
10 creatures vanquished.

Notes
Turn   | Place    | Note
-------+----------+-------------------------------------------
     0 | D:1      | Buttons840 the Hill Orc Monk began the quest for the Orb.
     0 | D:1      | Reached XP level 1. HP: 19/19 MP: 1/1
     2 | D:1      | Noticed a human
     2 | D:1      | Noticed a tengu
     4 | D:1      | Noticed a formicid
     6 | D:1      | Noticed a spriggan
     6 | D:1      | Noticed a vine stalker
     8 | D:1      | Noticed a palentonga
     8 | D:1      | Noticed an octopode
    10 | D:1      | Noticed a ghoul
    10 | D:1      | Noticed a minotaur
    12 | D:1      | Noticed a vampire
    14 | D:1      | Noticed a gargoyle
    14 | D:1      | Noticed a draconian
    16 | D:1      | Noticed a naga
    18 | D:1      | Noticed an ogre
    18 | D:1      | Noticed an elf
    20 | D:1      | Noticed a felid
    20 | D:1      | Noticed a demigod
    22 | D:1      | Noticed a troll
    22 | D:1      | Noticed a merfolk
    24 | D:1      | Noticed a meteoran
    24 | D:1      | Noticed a felid
    27 | D:1      | Noticed an elf
    27 | D:1      | Noticed a vine stalker
    74 | D:1      | Reached XP level 2. HP: 9/27 MP: 2/2
   498 | D:1      | Slain by a hobgoblin

Illustrated notes

Levels and vault maps discovered:
D:1:      kb_arrival_jail, layout_rooms, shapermc_ecumenical_altar_totnotflames,
          serial_shops, nicolae_shop_hallway_stairs

Action                   || total
-------------------------++-------
Melee: Hand axe          ||    47
  Use: Potion            ||     1
Armor: Robe              ||     9
Dodge: Dodged            ||    29
